 Dungeon Crawl Stone Soup version 0.23.0 (console) character file.

Game seed: 16710718243864252218

2639949 erker the Axe Maniac (level 27, 189/189 HPs)
             Began as a Gargoyle Gladiator on Feb 12, 2019.
             Was the Champion of Makhleb.
             Escaped with the Orb
             ... and 4 runes on Feb 15, 2019!
             The game lasted 05:33:25 (61133 turns).

erker the Axe Maniac (Gargoyle Gladiator)          Turns: 61133, Time: 05:33:26

Health: 189/189    AC: 60    Str: 35    XL:     27
Magic:  30/30      EV: 20    Int: 14    God:    Makhleb [******]
Gold:   5642       SH:  0    Dex: 16    Spells: 29/40 levels left

rFire    + + .     SeeInvis +   a - +9 executioner's axe (chaos)
rCold    + . .     Gourm    .   (shield currently unavailable)
rNeg     + . .     Faith    .   c - +2 gold dragon scales
rPois    ∞         Spirit   .   (no helmet)
rElec    +         Reflect  .   g - scarf {repulsion}
rCorr    .         Harm     .   i - +1 pair of gloves
MR       +++..     Clarity  +   y - +1 pair of boots
Stlth    ..........             z - amulet of Springtime {Regen+ Str+4 SInv}
HPRegen  0.00/turn              A - ring of Sec Urolaeh {MR+ Str+5 Dex+3 Slay+2}
MPRegen  0.22/turn              B - ring "Obecrin" {rF+ AC+2 Dex+4}

@: flying, glowing, repel missiles
A: big wings, icy blue scales 1, thin metallic scales 1, blurry vision 1,
clarity, clumsy 1, low mp 1, negative energy resistance 1, electricity
resistance, inhibited regeneration, unbreathing, petrification resistance, rot
immunity, AC +20
0: Orb of Zot
}: 4/15 runes: decaying, serpentine, silver, abyssal
a: Stop Flying, Minor Destruction, Lesser Servant of Makhleb, Major Destruction,
Greater Servant of Makhleb, Renounce Religion


You escaped.
You worshipped Makhleb.
Makhleb was exalted by your worship.
You were not hungry.

You visited 12 branches of the dungeon, and saw 54 of its levels.
You visited the Abyss 1 time.
You visited 1 bazaar.
You also visited: Trove, Ossuary, Ice Cave and Desolation.

You collected 8861 gold pieces.
You spent 3219 gold pieces at shops.

Inventory:

Hand Weapons
 a - a +9 executioner's axe of chaos (weapon)
 b - a +8 battleaxe of freezing
 P - a +5 battleaxe of flaming
Missiles
 d - a throwing net (quivered)
 e - 106 bolts
Armour
 c - +2 gold dragon scales (worn)
 g - a scarf of repulsion (worn)
 i - a +1 pair of gloves (worn)
 u - a scarf of cloud immunity
 x - the +2 pair of boots "Piamad" {-Cast rElec Int+4}
   (You acquired it on level 1 of the Lair of Beasts)

   It affects your intelligence (+4).
   It insulates you from electricity.
   It prevents spellcasting.
 y - a +1 pair of boots (worn)
Jewellery
 t - an uncursed ring of resist corrosion
 z - the amulet of Springtime (around neck) {Regen+ Str+4 SInv}
   (You found it in the Desolation of Salt)

   [amulet of regeneration]

   It affects your strength (+4).
   It lets you see invisible.
   It increases your rate of regeneration.
 A - the ring of Sec Urolaeh (left hand) {MR+ Str+5 Dex+3 Slay+2}
   (You found it in the Desolation of Salt)

   [ring of protection from magic]

   It affects your strength (+5).
   It affects your dexterity (+3).
   It affects your accuracy and damage with ranged weapons and melee attacks
   (+2).
   It affects your resistance to hostile enchantments.
 B - the ring "Obecrin" (right hand) {rF+ AC+2 Dex+4}
   (You bought it in a shop on level 3 of the Snake Pit)

   [ring of protection]

   It affects your AC (+2).
   It affects your dexterity (+4).
   It protects you from fire.
 C - the ring "Luolygg" {+Fly MR++ Int-4}
   (You found it in the Desolation of Salt)

   [ring of flight]

   It affects your intelligence (-4).
   It affects your resistance to hostile enchantments.
   It lets you fly.
 Y - the amulet "Hiodghur" {Reflect rN+ Int+4 SH+3}
   (You took it off a deep elf high priest on level 5 of the Vaults)

   [amulet of reflection]

   It shields you and reflects attacks.
   It affects your intelligence (+4).
   It protects you from negative energy.
   It affects your SH (+3).
Wands
 I - a wand of digging (14)
 S - a wand of acid (35)
 U - a wand of clouds (20)
 W - a wand of iceblast (55)
Scrolls
 j - a scroll of enchant weapon
 k - 34 scrolls of remove curse
 l - 5 scrolls of magic mapping
 r - 54 scrolls of identify
 s - 5 scrolls of fear
 G - 34 scrolls of teleportation
 J - 2 scrolls of summoning
 L - 6 scrolls of fog
 N - 3 scrolls of blinking
Potions
 n - 7 potions of ambrosia
 p - 7 potions of haste
 q - 20 potions of curing
 D - 13 potions of heal wounds
 E - a potion of might
 M - 2 potions of mutation
 Q - 5 potions of resistance
 R - 3 potions of agility
Miscellaneous
 h - a lamp of fire
 m - a phial of floods
 o - a phial of floods
 v - 4 phantom mirrors
 w - a sack of spiders
 F - a lamp of fire
 K - a phial of floods
 X - 3 boxes of beasts
Comestibles
 f - 106 rations


   Skills:
 + Level 23.7 Fighting
 O Level 27 Axes
 - Level 1.7 Throwing
 + Level 24.2 Armour
 + Level 19.2 Dodging
 - Level 7.4 Spellcasting
 - Level 13.1 Charms
 - Level 6.8 Air Magic
 - Level 12.0 Invocations
 - Level 5.0 Evocations


You had 29 spell levels left.
You knew the following spells:

 Your Spells              Type           Power        Failure   Level  Hunger
a - Deflect Missiles      Chrm/Air       ####......   87%         6    #######
s - Song of Slaying       Chrm           #####...     1%          2    None
w - Spectral Weapon       Hex/Chrm       ###.....     14%         3    ##.....

Your spell library contained the following spells:

 Spells                   Type           Power        Failure   Level  Hunger
 Infusion                 Chrm           ####         1%          1    None
 Swiftness                Chrm/Air       ####....     1%          2    None
 Shroud of Golubria       Chrm/Tloc      ###.......   7%          2    None
 Ozocubu's Armour         Chrm/Ice       ###.....     14%         3    ##.....
 Regeneration             Chrm/Necr      ###.......   14%         3    ##.....
 Poisonous Vapours        Pois/Air       ##....       26%         2    None
 Airstrike                Air            ###.......   38%         4    ####...
 Static Discharge         Conj/Air       ##......     45%         3    ##.....
 Animate Skeleton         Necr           N/A          56%         1    None
 Apportation              Tloc           #.....       56%         1    None
 Beastly Appendage        Tmut           #.....       56%         1    None
 Confusing Touch          Hex            #.....       56%         1    None
 Corona                   Hex            #......      56%         1    None
 Freeze                   Ice            #...         56%         1    None
 Magic Dart               Conj           #...         56%         1    None
 Pain                     Necr           #...         56%         1    None
 Sandblast                Erth           #.....       56%         1    None
 Sting                    Conj/Pois      #...         56%         1    None
 Summon Butterflies       Summ           #.......     56%         1    None
 Summon Small Mammal      Summ           #...         56%         1    None
 Mephitic Cloud           Conj/Pois/Air  ##......     63%         3    ##.....
 Blink                    Tloc           N/A          71%         2    None
 Call Imp                 Summ           #.......     71%         2    None
 Corpse Rot               Necr           N/A          71%         2    None
 Ensorcelled Hibernation  Hex/Ice        #.....       71%         2    None
 Passwall                 Tmut/Erth      #.......     71%         2    None
 Searing Ray              Conj           #.....       71%         2    None
 Slow                     Hex            #.......     71%         2    None
 Sticks to Snakes         Tmut           #.......     71%         2    None
 Throw Frost              Conj/Ice       #.....       71%         2    None
 Excruciating Wounds      Chrm/Necr      ###.......   78%         5    #####..
 Iskenderun's Battlesphe  Conj/Chrm      ###.....     78%         5    #####..
 Summon Lightning Spire   Summ/Air       ##......     86%         4    ####...
 Call Canine Familiar     Summ           #.......     91%         3    ##.....
 Confuse                  Hex            #.......     91%         3    ##.....
 Conjure Flame            Conj/Fire      #.......     91%         3    ##.....
 Dazzling Spray           Conj/Hex       #.....       91%         3    ##.....
 Gell's Gravitas          Tloc           #.........   91%         3    ##.....
 Ignite Poison            Fire/Tmut/Pois #.......     91%         3    ##.....
 Inner Flame              Hex/Fire       #.......     91%         3    ##.....
 Lesser Beckoning         Tloc           #.........   91%         3    ##.....
 Portal Projectile        Hex/Tloc       #.....       91%         3    ##.....
 Recall                   Summ/Tloc      N/A          91%         3    ##.....
 Spider Form              Tmut/Pois      #.........   91%         3    ##.....
 Stone Arrow              Conj/Erth      #.....       91%         3    ##.....
 Summon Guardian Golem    Hex/Summ       #.......     91%         3    ##.....
 Tukima's Dance           Hex            #.......     91%         3    ##.....
 Vampiric Draining        Necr           #.........   91%         3    ##.....
 Lightning Bolt           Conj/Air       ##........   99%         5    #####..
 Silence                  Hex/Air        ##........   99%         5    #####..
 Animate Dead             Necr           N/A          100%        4    ####...
 Cause Fear               Hex            #.........   100%        4    ####...
 Force Lance              Conj/Tloc      #.......     100%        4    ####...
 Fulminant Prism          Conj/Hex       #.........   100%        4    ####...
 Ice Form                 Ice/Tmut       #.......     100%        4    ####...
 Iskenderun's Mystic Bla  Conj           #.......     100%        4    ####...
 Leda's Liquefaction      Hex/Erth       #.........   100%        4    ####...
 Olgreb's Toxic Radiance  Pois           #.......     100%        4    ####...
 Petrify                  Tmut/Erth      #.......     100%        4    ####...
 Summon Ice Beast         Ice/Summ       #.......     100%        4    ####...
 Throw Icicle             Conj/Ice       #.......     100%        4    ####...
 Agony                    Necr           #.......     100%        5    #####..
 Alistair's Intoxication  Tmut/Pois      #.......     100%        5    #####..
 Bolt of Draining         Conj/Necr      #.........   100%        5    #####..
 Bolt of Magma            Conj/Fire/Erth #.........   100%        5    #####..
 Borgnjor's Vile Clutch   Necr/Erth      #.........   100%        5    #####..
 Dispel Undead            Necr           #.......     100%        5    #####..
 Irradiate                Conj/Tmut      #.........   100%        5    #####..
 Lee's Rapid Deconstruct  Erth           #.........   100%        5    #####..
 Metabolic Englaciation   Hex/Ice        #.........   100%        5    #####..
 Summon Forest            Summ/Tloc      #.........   100%        5    #####..
 Summon Mana Viper        Hex/Summ       #.......     100%        5    #####..
 Venom Bolt               Conj/Pois      #.........   100%        5    #####..
 Yara's Violent Unravell  Hex/Tmut       #.........   100%        5    #####..
 Bolt of Cold             Conj/Ice       #.........   100%        6    #######
 Conjure Ball Lightning   Conj/Air       ##........   100%        6    #######
 Darkness                 Hex            #.........   100%        6    #######
 Dispersal                Tloc           #.........   100%        6    #######
 Freezing Cloud           Conj/Ice/Air   ##........   100%        6    #######
 Hydra Form               Tmut           #.........   100%        6    #######
 Invisibility             Hex            #.......     100%        6    #######
 Iron Shot                Conj/Erth      #.........   100%        6    #######
 Ozocubu's Refrigeration  Ice            #.........   100%        6    #######
 Shadow Creatures         Summ           N/A          100%        6    #######
 Simulacrum               Ice/Necr       #.........   100%        6    #######
 Dragon Form              Tmut           #.........   100%        7    #######
 Orb of Destruction       Conj           #.........   100%        7    #######
 Ring of Flames           Chrm/Fire      ###.......   100%        7    #######
 Spellforged Servitor     Conj/Summ      #.........   100%        7    #######
 Summon Hydra             Summ           #.........   100%        7    #######
 Controlled Blink         Tloc           N/A          100%        8    #######
 Disjunction              Tloc           #.........   100%        8    #######
 Ignition                 Fire           #.........   100%        8    #######
 Shatter                  Erth           #.........   100%        9    #######
 Tornado                  Air            ###.......   100%        9    #######
 Sublimation of Blood     Necr           Unusable     N/A         2    N/A
 Statue Form              Tmut/Erth      Unusable     N/A         6    N/A

Dungeon Overview and Level Annotations

Branches:
Dungeon (15/15)            Temple (1/1) D:5            Lair (6/6) D:10
  Swamp (4/4) Lair:4        Snake (4/4) Lair:4        Slime (0/5) Lair:5
    Orc (2/2) D:11            Elf (3/3) Orc:2        Vaults (5/5) D:14
  Crypt (3/3) Vaults:2       Tomb (0/3) Crypt:3      Depths (5/5) D:15
   Hell (1/1)                 Dis (0/7) Hell            Geh (0/7) Hell
    Coc (0/7) Hell            Tar (0/7) Hell            Zot (5/5) Depths:5

Altars:
Ashenzari
Cheibriados
Dithmenos
Elyvilon
Fedhas
Gozag
Hepliaklqana
Kikubaaqudgha
Makhleb
Nemelex Xobeh
Okawaru
Qazlal
Ru
Sif Muna
Trog
Uskayaw
Vehumet
Wu Jian
Xom
Yredelemnul
Zin
The Shining One
Beogh
Jiyva

Shops:
D:5 !   D:9 *   D:12 }   Orc:2 [(}!%   Elf:1 ?   Elf:2 *%   Elf:3 !   Snake:2 !
Snake:3 ==}   Vaults:1 **?(   Vaults:2 [   Vaults:4 %   Depths:1 :

Portals:
Hell: Depths:1 Depths:2 Depths:3 Depths:4 Depths:5
Abyss: Depths:1 Depths:4 Depths:5
Pandemonium: Depths:3
Ziggurat: Depths:3

Annotations:
Lair:5 1 runed translucent door
Vaults:4 3 runed translucent doors, exclusion: obsidian statue, crisisinutopia's ghost, adept MiFi


Innate Abilities, Weirdness & Mutations

You are resistant to torment.
Your stone body is resilient. (AC +20)
You are immune to poison.
Your large and strong wings let you fly indefinitely.
You resist negative energy. (rN+)
You are resistant to electric shocks. (rElec)
You can survive without breathing.
You are immune to petrification.
You are immune to rotting.
You are partially covered in icy blue scales. (AC +2)
You are partially covered in thin metallic scales. (AC +2)
Scrolls take you a little longer to read.
You possess an exceptional clarity of mind.
You are clumsy. (Dex -2)
Your magical capacity is low. (-10% MP)
You do not regenerate when monsters are visible.


Message History

Press: ? - help, Shift-Dir - straight line A rock wall.
This square is covered in magical glow.
The rock shatters into small pieces.
Evoke which item? (* to show all) (? for menu, Esc to quit)
Aiming: Dig
Press: ? - help, Shift-Dir - straight line A rock wall.
This square is covered in magical glow.
The rock shatters into small pieces.
Evoke which item? (* to show all) (? for menu, Esc to quit)
Aiming: Dig
Press: ? - help, Shift-Dir - straight line A rock wall.
This square is covered in magical glow.
The rock shatters into small pieces.
There is a staircase leading out of the dungeon here.
There is a staircase leading out of the dungeon here.
There is a staircase leading out of the dungeon here.
You have escaped!

# ####################
.........##........#####
########.##............#
#......#.##............#
#........##............#
#############'#........#
.........##..'#[@.A....#
########....#'#........#
#..#............#
#...............#
#.############### #.#
#.# #.# #.###


You could see a cherub.

Vanquished Creatures
  2 seraphim
  5 ancient liches
  5 orbs of fire
  Mara (Vaults:3)
  Mennas (Vaults:4)
  3 juggernauts
  Sojobo (Vaults:3)
  3 pandemonium lords
  Frederick (Vaults:5)
  Margery (Vaults:3)
  3 Killer Klowns
  the Lernaean hydra (Swamp:4)
  Saint Roka (Crypt:3)
  Geryon (Hell)
  A caustic shrike (Depths:3)
  8 golden dragons
  A curse toe (Zot:4)
  Nikola (Snake:1)
  Jory (Vaults:5)
  2 bone dragons
  3 electric golems
  A hellephant (Depths:3)
  12 tentacled monstrosities
  2 Hell Sentinels (Zot:5)
  Rupert (Snake:1)
  Jorgrun (Swamp:3)
  5 liches
  33 Orb Guardians
  4 deep elf master archers (Elf:3)
  4 quicksilver dragons
  An acid blob (Hell)
  5 death cobs
  8 titans
  Asterion (Snake:1)
  17 tentacled starspawn
  3 deep elf blademasters
  6 sphinxes
  2 ancient champions (Hell)
  An Executioner (Zot:5)
  7 shadow dragons
  An eldritch tentacle (Depths:2)
  Kirke (Swamp:2)
  Agnes (Snake:4)
  7 tengu reavers
  9 nagarajas
  10 storm dragons
  4 draconian monks
  14 frost giants
  A revenant (Hell)
  14 fire giants
  An imperial myrmidon (Desolation)
  2 ghost moths (Zot:4)
  3 draconian knights (Zot:5)
  Louise (Depths:4)
  2 iron dragons
  3 balrugs
  13 vault wardens
  A corrupter (D:8)
  A warmonger (D:8)
  3 deep elf sorcerers
  A draconian scorcher (Depths:5)
  An emperor scorpion (Zot:5)
  2 orc warlords (Depths:3)
  A draconian stormcaller (Abyss:3)
  7 draconian annihilators
  A cacodemon (D:1)
  A curse skull (Crypt:3)
  3 deep elf elementalists
  7 reapers
  A draconian shifter (Zot:4)
  2 angels (Zot:5)
  4 war gargoyles
  17 ironheart preservers
  20 very ugly things
  19 stone giants
  4 ghouls
  2 spriggan defenders
  14 green draconians
  3 entropy weavers
  6 deep elf demonologists
  9 vampire knights
  4 halazid warlocks (Desolation)
  The ghost of Rayvis the Imperceptible, a journeyman SpAs of Gozag (Elf:2)
  4 dire elephants (Lair:6)
  11 black draconians
  2 lorocyprocas
  8 deep elf annihilators
  6 white draconians
  9 yellow draconians
  6 red draconians
  21 small abominations
  11 purple draconians
  A merfolk javelineer (Depths:3)
  5 spark wasps
  2 eidola
  2 crystal guardians
  15 ettins
  A quicksilver dragon zombie (Abyss:3)
  14 deep elf death magi
  A merfolk impaler (Depths:3)
  A blizzard demon (D:8)
  Josephine (Snake:1)
  2 green deaths
  A mummy priest (Crypt:3)
  7 jiangshi
  8 ragged hierophants (Desolation)
  13 fire dragons
  9 great orbs of eyes
  8 deep elf high priests
  8 servants of whispers (Desolation)
  17 yaktaur captains
  26 vault guards
  14 ogre magi
  11 naga warriors
  6 peacekeepers (Desolation)
  7 ice dragons
  A quicksilver dragon skeleton (Crypt:3)
  21 hydras
  A hell beast (Zot:5)
  4 ghost crabs
  11 rakshasas
  11 centaur warriors
  A death knight (Crypt:2)
  40 two-headed ogres
  A queen ant (Lair:4)
  37 dancing weapons
  7 alligators
  11 deep troll shamans
  12 anacondas
  3 death yaks (D:10)
  7 orc high priests
  9 deep troll earth magi
  3 vampire magi
  8 shock serpents
  4 spriggan berserkers
  16 naga sharpshooters
  8 tengu warriors
  3 thrashing horrors (Abyss:3)
  7 soul eaters
  24 hell knights
  An iron golem (Hell)
  13 wretched stars
  35 deep elf knights
  2 shadow wraiths (Vaults:5)
  11 iron trolls
  12 sun demons
  5 sixfirhies
  A sea snake (shapeshifter) (Vaults:1)
  3 unseen horrors (shapeshifter)
  44 skeletal warriors
  2 storm dragon skeletons (Crypt:3)
  A death drake (shapeshifter) (Depths:2)
  3 flayed ghosts
  3 salamander mystics
  7 sea snakes (Snake:4)
  3 unseen horrors
  2 cherubim
  2 torturous demonspawn
  2 anaconda zombies (Hell)
  2 spatial maelstroms (Abyss:3)
  2 spriggan druids (Swamp:3)
  3 shadow demons
  4 gelid demonspawn
  3 obsidian statues
  A deep troll (shapeshifter) (Zot:4)
  An infernal demonspawn (D:7)
  7 swamp dragons
  10 wizards
  24 deep elf archers
  35 deep trolls
  3 glowing orange brains
  A glowing orange brain (shapeshifter) (Vaults:5)
  2 naga ritualists (Snake:3)
  A lindwurm (shapeshifter) (Depths:2)
  A wolf spider zombie (D:15)
  55 starcursed masses (Abyss:3)
  3 anaconda skeletons
  A golden dragon skeleton (Vaults:5)
  7 mana vipers
  An orange crystal statue (Depths:4)
  9 phantasmal warriors
  An orb spider (Abyss:3)
  A shadow dragon zombie (Crypt:3)
  9 necromancers
  13 orc knights
  5 orc sorcerers
  A shadow dragon skeleton (Crypt:3)
  18 ironbrand convokers
  A wolf spider (Vaults:3)
  12 salamanders
  3 cyclopes
  43 ugly things
  A cyclops (shapeshifter) (Vaults:5)
  A worldbinder (Abyss:3)
  A frost giant zombie (Crypt:3)
  89 deep elf magi
  A frost giant skeleton (Crypt:3)
  A sphinx skeleton (Crypt:2)
  A moth of wrath (shapeshifter) (Depths:3)
  3 manticores (D:14)
  20 naga magi
  8 rust devils
  20 moths of wrath
  An elephant (shapeshifter) (Elf:3)
  39 black mambas
  15 elephants
  A fire giant skeleton (Hell)
  2 apocalypse crabs (Abyss:3)
  2 guardian serpents (shapeshifter)
  An ice statue (IceCv)
  18 vault sentinels
  9 guardian serpents
  5 orange demons
  22 spiny frogs
  2 molten gargoyles
  A torpor snail (Lair:3)
  An eye of devastation (shapeshifter) (Vaults:1)
  9 smoke demons
  5 gargoyles
  A storm dragon simulacrum (Vaults:3)
  3 rime drakes
  A yaktaur zombie (Vaults:2)
  8 komodo dragons
  A hellion (Abyss:3)
  5 centaur skeletons
  5 efreet
  An alligator snapping turtle skeleton (Crypt:2)
  A purple draconian zombie (Crypt:2)
  2 demonic crawlers (Hell)
  16 freezing wraiths
  An anaconda simulacrum (Hell)
  2 dire elephant skeletons
  54 yaktaurs
  7 ancient zymes (Abyss:3)
  12 ice devils
  3 hellwings
  A jumping spider (shapeshifter) (Vaults:1)
  9 red devils
  A tormentor (Zot:5)
  2 trolls (shapeshifter)
  9 trolls
  4 tengu conjurers
  A yaktaur skeleton (Vaults:2)
  An iron troll skeleton (Crypt:1)
  3 guardian mummies (Crypt:3)
  5 meliai (Abyss:3)
  3 hydra zombies
  A polar bear (shapeshifter) (Zot:4)
  2 hornets (shapeshifter)
  A queen bee (Depths:3)
  A hippogriff (shapeshifter) (Depths:5)
  12 hippogriffs
  A fire dragon zombie (Crypt:1)
  A wolf spider simulacrum (IceCv)
  5 raiju (Abyss:3)
  6 hornets
  61 saltlings (Desolation)
  9 blink frogs
  A hydra skeleton (Hell)
  8 bog bodies
  A guardian serpent zombie (Crypt:1)
  3 tyrant leeches
  2 stone giant simulacra
  4 dream sheep (Lair:3)
  2 vampires
  57 slime creatures
  4 flying skulls (Crypt:1)
  An ettin zombie (Crypt:1)
  27 water elementals
  An ettin skeleton (Crypt:3)
  11 fire elementals
  5 shadows
  4 ynoxinuls
  2 spriggans (shapeshifter)
  A hog (shapeshifter) (Depths:4)
  51 yaks
  A spriggan (Swamp:1)
  3 air elementals
  3 wyverns
  19 humans (D:14)
  A golden eye (shapeshifter) (Zot:2)
  20 large abominations
  10 wraiths
  7 chaos spawn
  5 hogs (Swamp:2)
  20 vampire mosquitoes
  3 neqoxecs (Abyss:3)
  5 hungry ghosts
  6 golden eyes
  An elf skeleton (Vaults:5)
  A steam dragon (shapeshifter) (D:13)
  4 basilisks
  A death yak simulacrum (IceCv)
  17 swamp worms
  Menkaure (D:6)
  5 soldier ants (Lair:4)
  4 wargs
  13 insubstantial wisps
  A monstrous demonspawn zombie (Crypt:1)
  An acid dragon (D:13)
  49 nagas
  3 spatial vortices (Abyss:3)
  Duvessa (D:7)
  A floating eye (shapeshifter) (Vaults:5)
  2 floating eyes
  4 hell hounds (Depths:4)
  12 porcupines
  An ice beast (shapeshifter) (Depths:4)
  15 water moccasins
  3 spiny frog zombies (Hell)
  An infernal demonspawn skeleton (Crypt:1)
  4 sky beasts
  43 orc warriors
  3 black bears
  2 manticore zombies
  21 swamp drakes
  7 ice beasts
  A snapping turtle zombie (Crypt:1)
  2 eyes of draining (D:14)
  8 boggarts
  8 centaurs
  41 ogres
  A necrophage (D:5)
  5 wolves (Lair:2)
  A black mamba simulacrum (Crypt:1)
  A phantom (D:6)
  13 crocodiles
  2 orc skeletons
  A snapping turtle skeleton (Crypt:3)
  6 elf zombies (Ossuary)
  A big kobold (D:8)
  18 bullfrogs
  A human skeleton (Vaults:2)
  A wyvern zombie (D:15)
  A glowing shapeshifter simulacrum (Vaults:5)
  Dowan (D:7)
  2 earth elementals
  5 scorpions
  A cyclops skeleton (Crypt:1)
  An elephant simulacrum (IceCv)
  3 elf simulacra
  41 killer bees
  26 wights
  7 howler monkeys
  4 electric eels
  5 lava snakes (Snake:2)
  13 crimson imps
  2 bullfrog zombies
  A human simulacrum (Vaults:3)
  5 quasits
  12 centaur zombies
  7 jellies
  24 orc wizards
  9 hounds
  4 human zombies
  2 draconian simulacra (IceCv)
  42 orc priests
  3 bullfrog skeletons
  2 iron imps (Hell)
  7 iguanas
  16 worker ants
  3 troll simulacra (IceCv)
  A hell rat (D:10)
  2 spriggan simulacra (IceCv)
  A polar bear simulacrum (IceCv)
  A killer bee zombie (D:5)
  A centaur simulacrum (IceCv)
  A hound zombie (D:7)
  A hound skeleton (D:6)
  11 mummies
  A worker ant zombie (D:8)
  17 gnolls
  8 naga simulacra (IceCv)
  12 adders
  4 ogre simulacra (IceCv)
  2 river rats (D:10)
  A steam dragon skeleton (Crypt:2)
  3 shadow imps
  12 white imps (IceCv)
  An adder zombie (D:8)
  An adder skeleton (D:6)
  3 worms
  2 dart slugs (D:5)
  10 leopard geckos
  136 orcs
  16 bats
  2 giant cockroaches
  8 goblins
  9 hobgoblins
  22 jackals
  7 quokkas
  5 ball pythons
  7 frilled lizards
  A goblin skeleton (Crypt:2)
  A jackal skeleton (D:5)
  9 kobolds
  2 leopard gecko zombies
  A quokka skeleton (D:7)
  A quokka zombie (Crypt:2)
  13 rats
  A rat zombie (Crypt:1)
  3 crawling corpses (Vaults:4)
  3 fungi
  A lurking horror (Abyss:3)
  13 plants
  23 starspawn tentacles
  3 withered plants (Crypt:3)
3118 creatures vanquished.

Vanquished Creatures (collateral kills)
  3 nagarajas (Snake:4)
  A vault guard (Vaults:1)
  An anaconda (Snake:4)
  A death knight (Vaults:1)
  A deep elf knight (Elf:1)
  2 sea snakes (Snake:4)
  2 deep elf magi
  A mana viper (Snake:4)
  A black mamba (Snake:4)
  A guardian serpent (Snake:4)
  A yaktaur (Vaults:1)
  An air elemental (Elf:1)
  2 nagas (Snake:4)
  2 orc warriors (Vaults:1)
  An ogre (Vaults:5)
21 creatures vanquished.

Vanquished Creatures (others)
  A lich (Depths:2)
  A fire giant (Depths:4)
  A tengu reaver (Vaults:5)
  A draconian monk (Zot:4)
  A deep elf sorcerer (Elf:3)
  A vault warden (Vaults:5)
  An ironheart preserver (Vaults:5)
  A draconian shifter (Zot:4)
  A reaper (Hell)
  A blood saint (D:15)
  2 hydras (Swamp:4)
  A vault guard (Vaults:5)
  A naga sharpshooter (Snake:4)
  2 deep elf knights
  A swamp dragon (Swamp:4)
  A deep elf archer (Elf:1)
  An ironbrand convoker (Vaults:3)
  A necromancer (Hell)
  3 deep elf magi
  A naga mage (Snake:4)
  A hydra zombie (Hell)
  A queen bee (Abyss:3)
  A slime creature (Swamp:4)
  A starcursed mass (Abyss:3)
  A water elemental (Elf:2)
  A naga (Snake:4)
  An insubstantial wisp (Swamp:4)
  A swamp worm (Swamp:4)
  A swamp drake (Swamp:4)
  An ogre (Vaults:3)
  A killer bee (Abyss:3)
  2 fire vortices (Zot:4)
  6 fungi
  A lurking horror (Abyss:3)
  15 plants
  16 starspawn tentacles
75 creatures vanquished.

Grand Total: 3214 creatures vanquished

Notes
Turn   | Place    | Note
-------+----------+-------------------------------------------
     0 | D:1      | erker the Gargoyle Gladiator began the quest for the Orb.
     0 | D:1      | Reached XP level 1. HP: 12/12 MP: 1/1
   164 | D:1      | Reached skill level 3 in Axes
   164 | D:1      | Reached XP level 2. HP: 18/18 MP: 2/2
   486 | D:1      | Reached XP level 3. HP: 22/22 MP: 3/3
  1195 | D:1      | Reached XP level 4. HP: 12/27 MP: 4/4
  1388 | D:1      | Reached skill level 4 in Axes
  1635 | D:2      | Reached XP level 5. HP: 25/32 MP: 5/5
  1638 | D:2      | Reached skill level 1 in Armour
  2474 | D:3      | Found a sparkling altar of Nemelex Xobeh.
  2479 | D:3      | Found an ornate altar of the Wu Jian Council.
  2480 | D:3      | Found a hazy altar of Hepliaklqana.
  2480 | D:3      | Found a glowing golden altar of the Shining One.
  2850 | D:3      | HP: 1/32 [orc wizard/magic dart (4)]
  2851 | D:3      | Reached skill level 5 in Axes
  2851 | D:3      | Reached XP level 6. HP: 1/37 MP: 6/6
  3203 | D:3      | Found a sacrificial altar of Ru.
  3513 | D:4      | Found a sand-covered staircase.
  3523 | Ossuary  | Entered an ossuary
  3575 | Ossuary  | Reached XP level 7. HP: 41/41 MP: 7/7
  3590 | Ossuary  | Reached skill level 6 in Axes
  3780 | Ossuary  | Reached skill level 7 in Axes
  3812 | Ossuary  | Reached XP level 8. HP: 38/48 MP: 8/8
  3948 | D:4      | Reached skill level 8 in Axes
  4320 | D:5      | Entered Level 5 of the Dungeon
  4323 | D:5      | Found a snail-covered altar of Cheibriados.
  4466 | D:5      | Found Kowolene's Distillery.
  4469 | D:5      | Bought a potion of curing for 36 gold pieces
  4469 | D:5      | Bought a potion of heal wounds for 60 gold pieces
  4523 | D:5      | Reached skill level 9 in Axes
  4558 | D:5      | Found a staircase to the Ecumenical Temple.
  4574 | Temple   | Entered the Ecumenical Temple
  4696 | Temple   | Became a worshipper of Makhleb the Destroyer
  4876 | D:5      | Reached XP level 9. HP: 52/52 MP: 9/9
  5858 | D:6      | Noticed Menkaure
  5864 | D:6      | Killed Menkaure
  5873 | D:6      | Reached * piety under Makhleb
  5915 | D:6      | Reached skill level 5 in Fighting
  5943 | D:6      | Reached skill level 10 in Axes
  6486 | D:7      | Noticed Duvessa
  6486 | D:7      | Noticed Dowan
  6504 | D:7      | Killed Duvessa
  6508 | D:7      | Killed Dowan
  6573 | D:7      | Reached ** piety under Makhleb
  6630 | D:7      | Reached XP level 10. HP: 27/60 MP: 10/10
  6633 | D:7      | Reached skill level 11 in Axes
  7683 | D:8      | Reached *** piety under Makhleb
  8330 | D:9      | Noticed a skeletal warrior
  8330 | D:9      | Noticed a skeletal warrior
  8768 | D:9      | Reached skill level 12 in Axes
  8930 | D:9      | Found an iron altar of Okawaru.
  8997 | D:9      | Found Vuorroill's Elemental Accessories.
  9237 | D:9      | Killed a skeletal warrior
  9283 | D:9      | Reached skill level 5 in Armour
  9329 | D:9      | Noticed a skeletal warrior
  9493 | D:9      | Noticed a skeletal warrior
  9500 | D:9      | Noticed a skeletal warrior
  9552 | D:10     | Entered Level 10 of the Dungeon
  9567 | D:10     | Reached XP level 11. HP: 47/67 MP: 11/11
  9743 | D:10     | Noticed a brown ugly thing
  9744 | D:10     | Reached **** piety under Makhleb
  9767 | D:10     | Found a staircase to the Lair.
 10338 | D:10     | Killed a brown ugly thing
 10338 | D:10     | Reached skill level 13 in Axes
 10354 | D:10     | Noticed a death yak
 10618 | D:11     | Found a portal to a secret trove of treasure.
 10621 | D:11     | Noticed a two-headed ogre
 10629 | D:11     | Killed a two-headed ogre
 10673 | D:11     | Noticed Psyche
 10674 | D:11     | Noticed Psyche
 10674 | D:11     | Psyche changed into Psyche the boggart
 10683 | D:11     | Killed Psyche the boggart
 11297 | D:11     | Found a staircase to the Orcish Mines.
 11329 | D:11     | Found a blossoming altar of Fedhas.
 11503 | D:10     | Noticed a death yak
 11503 | D:10     | Noticed a death yak
 11525 | D:10     | Killed a death yak
 11534 | D:10     | Killed a death yak
 11538 | D:10     | Killed a death yak
 11538 | D:10     | Reached skill level 14 in Axes
 11558 | D:10     | Reached ***** piety under Makhleb
 11805 | Lair:1   | Entered Level 1 of the Lair of Beasts
 11857 | Lair:1   | Reached skill level 1 in Evocations
 11857 | Lair:1   | Reached XP level 12. HP: 73/73 MP: 12/12
 12107 | Lair:1   | Noticed an eight-headed hydra
 12144 | Lair:2   | Reached skill level 15 in Axes
 12175 | Lair:2   | Noticed an eight-headed hydra
 12203 | Lair:2   | Killed an eight-headed hydra
 12213 | Lair:2   | Reached XP level 13. HP: 79/79 MP: 15/15
 12403 | Lair:2   | Got a distressingly furry chain mail
 12409 | Lair:2   | Identified the +7 chain mail of the Lich-sworn {rPois rC+}
                  | (You found it on level 2 of the Lair of Beasts)
 12630 | Lair:1   | Reached skill level 16 in Axes
 12648 | Lair:1   | Identified the Incunabulum of Moulding and Dislocation
 14275 | Lair:4   | Found a staircase to the Snake Pit.
 14290 | Lair:4   | Reached ****** piety under Makhleb
 14408 | Lair:4   | Reached skill level 10 in Fighting
 14420 | Lair:4   | Found a staircase to the Swamp.
 14833 | Lair:4   | Noticed an entropy weaver
 14833 | Lair:4   | Noticed an entropy weaver
 14841 | Lair:4   | Killed an entropy weaver
 14861 | Lair:4   | Reached skill level 5 in Evocations
 14881 | Lair:4   | Killed an entropy weaver
 14912 | Lair:4   | Reached skill level 5 in Dodging
 15304 | Lair:5   | Gained mutation: Your large and strong wings let you fly
                  | indefinitely. [Gargoyle growth]
 15304 | Lair:5   | Reached XP level 14. HP: 88/88 MP: 17/17
 15593 | Lair:5   | Found a runed translucent door.
 15594 | Lair:5   | Found a viscous altar of Jiyva.
 15594 | Lair:5   | Found a staircase to the Slime Pits.
 15594 | Lair:5   | Noticed an acid blob
 15838 | Lair:6   | Entered Level 6 of the Lair of Beasts
 16769 | Lair:6   | Noticed a dire elephant
 16769 | Lair:6   | Noticed a dire elephant
 16781 | Lair:6   | Noticed a dire elephant
 16790 | Lair:6   | Killed a dire elephant
 16855 | Lair:6   | Noticed a dire elephant
 16865 | Lair:6   | Noticed a dire elephant
 16868 | Lair:6   | HP: 3/90 [dire elephant (21)]
 16870 | Lair:6   | Noticed a dire elephant
 17544 | Lair:6   | Killed a dire elephant
 17544 | Lair:6   | Reached skill level 10 in Armour
 17645 | Lair:6   | Killed a dire elephant
 17645 | Lair:6   | Reached skill level 17 in Axes
 17655 | Lair:6   | Killed a dire elephant
 17836 | Snake:1  | Entered Level 1 of the Snake Pit
 18078 | Snake:1  | Noticed Asterion
 18089 | Snake:1  | Noticed an Executioner
 18125 | Swamp:1  | Entered Level 1 of the Swamp
 18297 | Swamp:1  | Reached XP level 15. HP: 96/96 MP: 18/18
 19506 | Swamp:2  | Noticed Kirke
 19538 | Swamp:2  | Killed Kirke
 20174 | Swamp:3  | Reached skill level 18 in Axes
 20257 | Swamp:3  | Noticed Jorgrun
 20270 | Swamp:3  | Killed Jorgrun
 20304 | Swamp:4  | Entered Level 4 of the Swamp
 20306 | Swamp:4  | Noticed the 27-headed Lernaean hydra
 21065 | Orc:1    | Entered Level 1 of the Orcish Mines
 21088 | Orc:1    | Found a roughly hewn altar of Beogh.
 21440 | Orc:2    | Entered Level 2 of the Orcish Mines
 21440 | Orc:2    | Found a staircase to the Elven Halls.
 21455 | Orc:2    | Paralysed by an ogre mage for 7 turns
 21492 | Orc:2    | Found Hionnir's Food Emporium.
 21663 | Orc:2    | Reached XP level 16. HP: 92/104 MP: 19/19
 22209 | Orc:2    | HP: 4/104 [sixfirhy[an orc high priest] (3)]
 22550 | Orc:2    | Found a deep blue altar of Sif Muna.
 22562 | Orc:2    | Identified Sif Muna's Incunabulum of Unholy Arts
 22654 | Orc:2    | Found Hahuem's Weapon Emporium.
 22654 | Orc:2    | Found Rafofuda's Armour Emporium.
 22655 | Orc:2    | Found Vieghuul's Distillery.
 22655 | Orc:2    | Found Fuos Box's Gadget Shoppe.
 23113 | D:12     | Reached skill level 19 in Axes
 23240 | D:12     | Found Gis Noss's Gadget Shop.
 23649 | D:13     | Found a frozen archway.
 23682 | IceCv    | Entered an ice cave
 23804 | IceCv    | Identified the Collected Works on the Vitriolic Birds
 23818 | IceCv    | Found an ancient bone altar of Kikubaaqudgha.
 23985 | IceCv    | Got a slimy steel ring
 23991 | IceCv    | Identified the ring of Emotet {Ice SInv} (You found it in
                  | an ice cave)
 24973 | D:14     | Found a gate to the Vaults.
 25404 | D:14     | Reached XP level 17. HP: 91/112 MP: 20/20
 25630 | D:15     | Entered Level 15 of the Dungeon
 25708 | D:15     | Found a staircase to the Depths.
 25727 | D:15     | Reached skill level 20 in Axes
 26078 | D:15     | Found a white marble altar of Elyvilon.
 26580 | Snake:1  | Killed Asterion
 26580 | Snake:1  | Reached skill level 15 in Fighting
 26694 | Lair:1   | Identified 2 scrolls of acquirement
 26703 | Lair:1   | Got a pair of jewelled boots
 26714 | Lair:1   | Identified the +2 pair of boots "Piamad" {-Cast rElec
                  | Int+4} (You acquired it on level 1 of the Lair of Beasts)
 27337 | Swamp:4  | Killed the 18-headed Lernaean hydra
 27838 | Swamp:4  | Got a decaying rune of Zot
 28024 | Snake:1  | Noticed Nikola
 28052 | Snake:1  | Killed Nikola
 28052 | Snake:1  | Reached skill level 15 in Armour
 28125 | Snake:1  | Noticed Josephine
 28134 | Snake:1  | Noticed Rupert
 28140 | Snake:1  | Killed Josephine
 28153 | Snake:1  | Killed Rupert
 28432 | Snake:2  | Reached XP level 18. HP: 121/122 MP: 21/21
 28543 | Snake:2  | Got a transparent leather armour
 28744 | Snake:2  | Identified the +3 leather armour of Bueter {rCorr Dex+10
                  | Slay-4} (You found it on level 2 of the Snake Pit)
 28794 | Snake:2  | Found Veuts's Distillery.
 28801 | Snake:2  | Bought a potion of mutation for 96 gold pieces
 28955 | Snake:2  | Got a scorched brass ring
 28957 | Snake:2  | Identified the ring of Trepidation {Ice rPois Int+3 Slay-4}
                  | (You found it on level 2 of the Snake Pit)
 29501 | Snake:2  | You are sucked into a shaft!
 30095 | Snake:3  | Found Rottaka's Jewellery Boutique.
 30097 | Snake:3  | Found Xushreg's Gadget Shoppe.
 30114 | Snake:3  | Found Xageiq's Jewellery Boutique.
 30129 | Snake:3  | Bought the ring "Obecrin" {rF+ AC+2 Dex+4} for 486 gold
                  | pieces
 30211 | Snake:3  | Reached skill level 1 in Invocations
 30668 | Snake:4  | Entered Level 4 of the Snake Pit
 30765 | Snake:4  | Noticed Agnes
 30783 | Snake:4  | Killed Agnes
 30825 | Snake:4  | Reached skill level 5 in Invocations
 31512 | Snake:4  | Reached XP level 19. HP: 130/130 MP: 25/25
 31548 | Snake:4  | Reached skill level 10 in Invocations
 31741 | Snake:4  | Got a serpentine rune of Zot
 32055 | Vaults:1 | Entered Level 1 of the Vaults
 32231 | Vaults:1 | Found Kysyw's Assorted Antiques.
 32260 | Vaults:1 | Bought a faintly glowing golden ring for 160 gold pieces
 32261 | Vaults:1 | Identified the cursed ring "Jiubumm" {rC- Dex+5 Slay-3}
                  | (You bought it in a shop on level 1 of the Vaults)
 32285 | Vaults:1 | Found Miga's Weapon Shop.
 32322 | Vaults:1 | Found Zorefa's Magic Scroll Shoppe.
 32350 | Vaults:1 | Found Azea's Assorted Antiques.
 33423 | Vaults:2 | Found Pofaurhe's Armour Shoppe.
 33902 | Vaults:2 | Reached XP level 20. HP: 139/139 MP: 28/28
 33923 | Vaults:2 | Found a staircase to the Crypt.
 33923 | Vaults:2 | Found a basalt altar of Yredelemnul.
 33924 | Vaults:2 | Found an ancient bone altar of Kikubaaqudgha.
 33934 | Vaults:2 | Got an ichor-stained chain mail
 33945 | Vaults:2 | Identified the +5 chain mail of the Bard {rC+ rN+ Str+2}
                  | (You found it on level 2 of the Vaults)
 34716 | Vaults:3 | Found a ruined gateway.
 34763 | Desolati | Entered the Desolation of Salt
 35111 | Desolati | Identified the Tome of Vitriolic Enhancements
 35114 | Desolati | Got a heavily runed chain mail
 35117 | Desolati | Got a scorched platinum ring
 35122 | Desolati | Got a crude jade ring
 35128 | Desolati | Got an ancient scale mail
 35308 | Desolati | Got a brightly glowing bronze ring
 35331 | Desolati | Got a transparent bronze ring
 35341 | Desolati | Got a warped bronze ring
 35342 | Desolati | Identified Sif Muna's Volume of Ensnaring Stones
 35410 | Desolati | Got a transparent platinum amulet
 35432 | Desolati | Identified the Guide on Earthen Intoxication
 35443 | Desolati | Identified the ring "Xetinoin" {Str+5 Int+3} (You found it
                  | in the Desolation of Salt)
 35445 | Desolati | Identified the ring of Luanuf {*Tele rElec rPois Dex+4
                  | Stlth+} (You found it in the Desolation of Salt)
 35451 | Desolati | Identified the ring of Divine Compulsion {Wiz +Inv rN+
                  | Dex-2} (You found it in the Desolation of Salt)
 35453 | Desolati | Identified the ring of Sec Urolaeh {MR+ Str+5 Dex+3 Slay+2}
                  | (You found it in the Desolation of Salt)
 35455 | Desolati | Identified the ring of Suowit {Int+4 Stlth-} (You found it
                  | in the Desolation of Salt)
 35458 | Desolati | Identified the amulet of Springtime {Regen+ Str+4 SInv}
                  | (You found it in the Desolation of Salt)
 35467 | Desolati | Got a crude golden amulet
 35469 | Desolati | Got a shimmering turquoise ring
 35471 | Desolati | Got a twitching pewter ring
 35472 | Desolati | Identified the ring of Xynto {rPois MR+ Str-2 Int+4} (You
                  | found it in the Desolation of Salt)
 35475 | Desolati | Identified the ring "Luolygg" {+Fly MR++ Int-4} (You found
                  | it in the Desolation of Salt)
 35476 | Desolati | Identified the amulet of Conformity {Faith Str+4} (You
                  | found it in the Desolation of Salt)
 35748 | Vaults:3 | Reached skill level 10 in Dodging
 35761 | Vaults:3 | Identified the +5 chain mail "Ohetoib" {*Slow Str+5 Dex+8
                  | Slay+3} (You found it in the Desolation of Salt)
 35771 | Vaults:3 | Identified the +3 scale mail of the Blind Marksman
                  | {*Corrode Regen+ Str+9 Dex-2} (You found it in the
                  | Desolation of Salt)
 35832 | Vaults:3 | Reached XP level 21. HP: 147/147 MP: 30/30
 36119 | Vaults:3 | Found a basalt altar of Yredelemnul.
 36138 | Vaults:3 | Noticed Mara
 36150 | Vaults:3 | Noticed erker's illusion
 36163 | Vaults:3 | Killed Mara
 36178 | Vaults:3 | Noticed Sojobo
 36214 | Vaults:3 | Killed Sojobo
 36848 | Vaults:3 | Noticed Margery
 36864 | Vaults:3 | Killed Margery
 37500 | Vaults:4 | Found Xeuti's Food Boutique.
 37597 | Vaults:4 | Noticed Mennas
 37616 | Vaults:4 | Killed Mennas
 37731 | Vaults:4 | Reached XP level 22. HP: 155/155 MP: 31/31
 37842 | Vaults:4 | Found a runed translucent gate.
 37842 | Vaults:4 | Found a runed translucent gate.
 37842 | Vaults:4 | Found a runed translucent gate.
 37842 | Vaults:4 | Found an opulent altar of Gozag.
 37843 | Vaults:4 | Noticed crisisinutopia's ghost (adept MiFi)
 38444 | Crypt:1  | Entered Level 1 of the Crypt
 40435 | Crypt:3  | Entered Level 3 of the Crypt
 40805 | Crypt:3  | Found a staircase to the Tomb.
 41428 | Crypt:3  | Found an ancient bone altar of Kikubaaqudgha.
 41428 | Crypt:3  | Noticed an ancient lich
 41440 | Crypt:3  | Killed an ancient lich
 41466 | Crypt:3  | Reached XP level 23. HP: 160/160 MP: 32/32
 41479 | Crypt:3  | Got a brightly glowing amber ring
 41728 | Crypt:3  | Noticed Saint Roka
 41755 | Crypt:3  | Killed Saint Roka
 41919 | Crypt:3  | Identified the +7 hand axe "Omaumi" {flame, rElec rF- rC+}
 42216 | Lair:1   | Identified the ring of Uras {rF- rC+ MR+ Str+6 Dex+3} (You
                  | found it on level 3 of the Crypt)
 42375 | Elf:1    | Entered Level 1 of the Elven Halls
 42528 | Elf:1    | Found Aninov's Magic Scroll Boutique.
 42535 | Elf:1    | Bought a scroll of enchant weapon for 105 gold pieces
 42535 | Elf:1    | Bought a scroll of enchant armour for 105 gold pieces
 42754 | Vaults:1 | Bought a slimy plate armour for 1344 gold pieces
 42764 | Vaults:1 | Identified the +3 plate armour of Impatience {*Corrode +Inv
                  | SInv} (You bought it in a shop on level 1 of the Vaults)
 43779 | Elf:2    | Found a deep blue altar of Sif Muna.
 43825 | Elf:2    | Found a huge runed translucent gate.
 43825 | Elf:2    | Found a huge runed translucent gate.
 43825 | Elf:2    | Found a huge runed translucent gate.
 43831 | Elf:2    | Found a huge runed translucent gate.
 43870 | Elf:2    | Found a huge runed translucent gate.
 44736 | Elf:2    | Found Sihasiwk's Food Boutique.
 44849 | Elf:2    | Identified Goops's Compendium of Plaster Cramp
 44859 | Elf:2    | Identified Ts'ui Pên's Papyrus of Forking Paths
 44866 | Elf:2    | Identified Epuged's Incunabulum of Combed Thunderclap
 44993 | Elf:2    | Found a runed translucent gate.
 44997 | Elf:2    | Found a runed translucent gate.
 44997 | Elf:2    | Found a runed translucent gate.
 44997 | Elf:2    | Found an opulent altar of Gozag.
 44999 | Elf:2    | Noticed Rayvis's ghost (journeyman SpAs)
 45001 | Elf:2    | Found Cuany's Assorted Antiques.
 45055 | Elf:2    | Killed Rayvis's ghost
 45090 | Elf:2    | Bought a steaming copper ring for 175 gold pieces
 45090 | Elf:2    | Bought a flickering wooden ring for 175 gold pieces
 45090 | Elf:2    | Bought a scroll labeled FAUFAK JEHATETZ for 35 gold pieces
 45340 | Elf:2    | Identified the ring of Liberalism {rPois AC+2 Str+4} (You
                  | bought it in a shop on level 2 of the Elven Halls)
 45343 | Elf:2    | Identified the ring of Past Mistakes {rN+ Int+2 Dex+2} (You
                  | bought it in a shop on level 2 of the Elven Halls)
 45388 | Elf:3    | Entered Level 3 of the Elven Halls
 45603 | Elf:3    | Found Few Paus's Distillery.
 45617 | Elf:3    | Bought 2 potions of heal wounds for 150 gold pieces
 45617 | Elf:3    | Bought a potion of heal wounds for 75 gold pieces
 45617 | Elf:3    | Bought a potion of heal wounds for 75 gold pieces
 45654 | Elf:3    | Reached skill level 15 in Dodging
 45694 | Elf:3    | Reached XP level 24. HP: 160/166 MP: 32/32
 45708 | Elf:3    | Reached skill level 21 in Axes
 45764 | Elf:3    | Cast into level 2 of the Abyss (a wizard)
 45766 | Abyss:2  | Found a corrupted altar of Lugonu.
 45889 | Abyss:2  | Gained mutation: Your spells are a little harder to cast,
                  | but a little more powerful. [a cacodemon]
 46006 | Abyss:3  | Gained mutation: Your magical capacity is low. (-10% MP) [a
                  | neqoxec]
 46206 | Abyss:3  | Reached skill level 22 in Axes
 46362 | Abyss:3  | Got an abyssal rune of Zot
 46430 | Abyss:3  | Noticed an ancient lich
 46453 | Abyss:3  | Killed an ancient lich
 46518 | Abyss:3  | Paralysed by accursed screaming for 1 turns
 46663 | Abyss:3  | Reached XP level 25. HP: 171/171 MP: 28/28
 46794 | Abyss:3  | Reached skill level 23 in Axes
 46867 | Elf:3    | Escaped the Abyss
 47179 | Elf:3    | Identified Tiheph's Handbook of Changing and the Compass
 47194 | Elf:3    | Identified the Almanac of Supportive Combat Magic
 47244 | Elf:3    | Got a steaming pewter ring
 47734 | Lair:1   | Identified the ring "Dougabo" {Fire +Inv Int+6} (You found
                  | it on level 3 of the Elven Halls)
 47881 | Depths:1 | Entered Level 1 of the Depths
 47881 | Depths:1 | Found a gateway to Hell.
 47949 | Depths:1 | Found Luipnuink's Book Shop.
 48278 | Depths:1 | Found a one-way gate to the infinite horrors of the Abyss.
 48388 | Depths:1 | Identified the Incunabulum of Venom and Evil
 48635 | Depths:1 | Noticed a juggernaut
 48645 | Depths:1 | Killed a juggernaut
 48645 | Depths:1 | Reached skill level 24 in Axes
 48971 | D:11     | You paid a toll of +4 ice dragon scales to enter a treasure
                  | trove
 48972 | Trove    | Entered a treasure trove
 48978 | Trove    | Found the +8 Wrath of Trog {antimagic, *Rage}
 48978 | Trove    | Found the +2 ratskin cloak {+Rats rPois rN+ Str-1 Int-1
                  | Dex+1}
 48978 | Trove    | Found the +15 Maxwell's patent armour {-Cast -Tele rElec
                  | MR+ rCorr}
 48982 | Trove    | Got a pair of encrusted boots
 48993 | Trove    | Identified the +0 pair of boots of Oqanwahu {rF- Str+2
                  | Int+2} (You found it in a treasure trove)
 49019 | Trove    | Got a twitching bronze amulet
 49020 | Trove    | Identified the amulet of Sun Hopy {Acrobat *Drain Int+4}
                  | (You found it in a treasure trove)
 49645 | Depths:2 | Identified the +8 dire flail "Uko Uxym" {freeze, Int+2}
 49654 | Depths:2 | Reached XP level 26. HP: 177/177 MP: 28/28
 49674 | Depths:2 | Identified the ring of Toguzit {Fire Dex+6}
 49680 | Depths:2 | Gained mutation: You occasionally shout uncontrollably at
                  | your foes. [mutagenic glow]
 49715 | Depths:2 | Gained mutation: You have a pair of small antennae on your
                  | head. [mutagenic glow]
 50742 | Depths:3 | Reached skill level 25 in Axes
 50774 | Depths:3 | Found a runed translucent door.
 51078 | Depths:3 | Identified the +7 rapier "Izat" {freeze, rC+ Dex+2}
 51078 | Depths:3 | Identified the ring of Igewnix {*Tele Dex+4}
 51601 | Vaults:1 | Bought a scroll of enchant armour for 142 gold pieces
 52397 | Depths:3 | Identified the +7 great sword of Fundamental Breach {slice,
                  | Int+3}
 52408 | Depths:3 | Found a gateway to a ziggurat.
 52425 | Depths:3 | Found a one-way gate leading to the halls of Pandemonium.
 52438 | Depths:3 | Noticed a juggernaut
 52447 | Depths:3 | Killed a juggernaut
 52810 | Depths:4 | Reached skill level 26 in Axes
 52892 | Depths:4 | Noticed a juggernaut
 52905 | Depths:4 | Killed a juggernaut
 52905 | Depths:4 | Reached XP level 27. HP: 175/182 MP: 28/28
 52996 | Depths:4 | Noticed Louise
 53007 | Depths:4 | Killed Louise
 53217 | Depths:4 | Found a gateway to a bazaar.
 53222 | Bazaar   | Entered a bazaar
 53226 | Bazaar   | Found Peudghoe's General Store.
 53244 | Bazaar   | Found Byuheemp's Book Emporium.
 53261 | Bazaar   | Found Tugro's Book Boutique.
 53278 | Bazaar   | Found Maneteb's Antique Armour Shoppe.
 53688 | Vaults:5 | Entered Level 5 of the Vaults
 53702 | Vaults:5 | Noticed Frederick
 53735 | Vaults:5 | Killed Frederick
 53819 | Vaults:5 | Identified the +8 trident "Wosy" {antimagic, rF- rC- Dex+6
                  | Stlth+}
 53998 | Vaults:5 | Reached skill level 27 in Axes
 54064 | Vaults:5 | Learned a level 6 spell: Deflect Missiles
 54138 | Vaults:5 | Identified the +11 morningstar "Gram" {crush, rC++ Int+2
                  | Dex-2}
 54138 | Vaults:5 | Identified the amulet "Hiodghur" {Reflect rN+ Int+4 SH+3}
 54150 | Vaults:5 | Reached skill level 1 in Spellcasting
 54150 | Vaults:5 | Reached skill level 1 in Charms
 54150 | Vaults:5 | Reached skill level 1 in Air Magic
 54306 | Vaults:5 | Noticed an ancient lich
 54315 | Vaults:5 | Killed an ancient lich
 54324 | Vaults:5 | Found the +3 salamander hide armour {+Rage rF++}
 54493 | Vaults:5 | Identified the cursed ring "Gavonual" {Dex-5 SInv}
 54494 | Vaults:5 | Noticed Jory
 54572 | Vaults:5 | Identified the +1 glaive of Vuuklopse {holy, rElec Str+2}
 54586 | Vaults:5 | Killed Jory
 54859 | Lair:1   | Lost mutation: You occasionally shout uncontrollably at
                  | your foes. [potion of mutation]
 54859 | Lair:1   | Lost mutation: Your magical capacity is low. (-10% MP)
                  | [potion of mutation]
 54859 | Lair:1   | Lost mutation: Your spells are a little harder to cast, but
                  | a little more powerful. [potion of mutation]
 54859 | Lair:1   | Lost mutation: You have a pair of small antennae on your
                  | head. [potion of mutation]
 54859 | Lair:1   | Gained mutation: Armour fits poorly on your strangely
                  | shaped body. [potion of mutation]
 54859 | Lair:1   | Gained mutation: You have a pair of small antennae on your
                  | head. [potion of mutation]
 54860 | Lair:1   | Lost mutation: You have a pair of small antennae on your
                  | head. [potion of mutation]
 54860 | Lair:1   | Gained mutation: Your spells are a little easier to cast,
                  | but a little less powerful. [potion of mutation]
 54860 | Lair:1   | Gained mutation: You have supernaturally acute eyesight.
                  | (SInv) [potion of mutation]
 54860 | Lair:1   | Gained mutation: You can translocate small distances at
                  | will. [potion of mutation]
 54861 | Lair:1   | Lost mutation: Your spells are a little easier to cast, but
                  | a little less powerful. [potion of mutation]
 54861 | Lair:1   | Lost mutation: You have supernaturally acute eyesight.
                  | (SInv) [potion of mutation]
 54861 | Lair:1   | Gained mutation: You are partially covered in thin metallic
                  | scales. (AC +2) [potion of mutation]
 54861 | Lair:1   | Lost mutation: Armour fits poorly on your strangely shaped
                  | body. [potion of mutation]
 54861 | Lair:1   | Gained mutation: You are occasionally teleported next to
                  | monsters. [potion of mutation]
 54861 | Lair:1   | Gained mutation: You have sharp fingernails. [potion of
                  | mutation]
 54862 | Lair:1   | Lost mutation: You are partially covered in thin metallic
                  | scales. (AC +2) [potion of mutation]
 54862 | Lair:1   | Lost mutation: You can translocate small distances at will.
                  | [potion of mutation]
 54862 | Lair:1   | Lost mutation: You are occasionally teleported next to
                  | monsters. [potion of mutation]
 54862 | Lair:1   | Lost mutation: You have sharp fingernails. [potion of
                  | mutation]
 54862 | Lair:1   | Gained mutation: You occasionally shout uncontrollably at
                  | your foes. [potion of mutation]
 54862 | Lair:1   | Gained mutation: Your mind is acute. (Int +2) [potion of
                  | mutation]
 54863 | Lair:1   | Lost mutation: Your mind is acute. (Int +2) [potion of
                  | mutation]
 54863 | Lair:1   | Lost mutation: You occasionally shout uncontrollably at
                  | your foes. [potion of mutation]
 54863 | Lair:1   | Gained mutation: Potions are less effective at restoring
                  | your health. [potion of mutation]
 54863 | Lair:1   | Gained mutation: Your body sometimes deteriorates upon
                  | taking damage. [potion of mutation]
 54863 | Lair:1   | Gained mutation: You expend magic power (3 MP) to
                  | strengthen your wands. [potion of mutation]
 54864 | Lair:1   | Lost mutation: Potions are less effective at restoring your
                  | health. [potion of mutation]
 54864 | Lair:1   | Lost mutation: Your body sometimes deteriorates upon taking
                  | damage. [potion of mutation]
 54864 | Lair:1   | Gained mutation: You can translocate small distances at
                  | will. [potion of mutation]
 54864 | Lair:1   | Gained mutation: Armour fits poorly on your strangely
                  | shaped body. [potion of mutation]
 54864 | Lair:1   | Gained mutation: You are partially covered in icy blue
                  | scales. (AC +2) [potion of mutation]
 54865 | Lair:1   | Lost mutation: Armour fits poorly on your strangely shaped
                  | body. [potion of mutation]
 54865 | Lair:1   | Lost mutation: You expend magic power (3 MP) to strengthen
                  | your wands. [potion of mutation]
 54865 | Lair:1   | Gained mutation: You possess an exceptional clarity of
                  | mind. [potion of mutation]
 54865 | Lair:1   | Gained mutation: Your magical capacity is low. (-10% MP)
                  | [potion of mutation]
 54865 | Lair:1   | Gained mutation: You are partially covered in thin metallic
                  | scales. (AC +2) [potion of mutation]
 55640 | Vaults:5 | Got a silver rune of Zot
 55972 | Hell     | Entered the Vestibule of Hell
 55972 | Hell     | Noticed Geryon
 56075 | Hell     | Killed Geryon
 56160 | Hell     | Found a gateway to the Iron City of Dis.
 56171 | Hell     | Reached skill level 5 in Spellcasting
 56171 | Hell     | Reached skill level 5 in Charms
 56286 | Hell     | Found a gateway to the ashen valley of Gehenna.
 56368 | Hell     | Found a gateway to the decaying netherworld of Tartarus.
 56387 | Hell     | Reached skill level 5 in Air Magic
 56505 | Hell     | Found a gateway to the freezing wastes of Cocytus.
 56744 | Depths:5 | Entered Level 5 of the Depths
 57074 | Depths:5 | Found a gate to the Realm of Zot.
 57769 | Zot:1    | Entered Level 1 of the Realm of Zot
 57904 | Zot:3    | Noticed an orb of fire
 57920 | Zot:3    | Lost mutation: You can translocate small distances at will.
                  | [an orb of fire]
 57921 | Zot:3    | Killed an orb of fire
 57963 | Zot:3    | Noticed an orb of fire
 57978 | Zot:3    | Killed an orb of fire
 58076 | Zot:3    | Learned a level 2 spell: Song of Slaying
 59325 | Zot:5    | Entered Level 5 of the Realm of Zot
 59535 | Zot:5    | Reached skill level 10 in Charms
 59745 | Zot:5    | Noticed an orb of fire
 59767 | Zot:5    | Noticed an orb of fire
 59769 | Zot:5    | Killed an orb of fire
 59788 | Zot:5    | Noticed an ancient lich
 59802 | Zot:5    | Killed an ancient lich
 59828 | Zot:5    | Noticed an orb of fire
 59843 | Zot:5    | Gained mutation: You are clumsy. (Dex -2) [an orb of fire]
 59856 | Zot:5    | Gained mutation: Scrolls take you a little longer to read.
                  | [an orb of fire]
 59857 | Zot:5    | Killed an orb of fire
 59884 | Zot:5    | Noticed an orb of fire
 59897 | Zot:5    | Gained mutation: You do not regenerate when monsters are
                  | visible. [an orb of fire]
 59903 | Zot:5    | Killed an orb of fire
 59918 | Zot:5    | Got the Orb of Zot
 59929 | Zot:5    | Noticed an ancient lich
 59938 | Zot:5    | Killed an ancient lich
 60112 | Zot:5    | Noticed Pualog the pandemonium lord
 60130 | Zot:5    | Killed Pualog the pandemonium lord
 60245 | Zot:5    | Noticed a seraph
 60257 | Zot:5    | Noticed Sytenu the pandemonium lord
 60260 | Zot:5    | Killed a seraph
 60276 | Zot:5    | Killed Sytenu the pandemonium lord
 60542 | Depths:2 | Noticed Naus Ris the pandemonium lord
 60567 | Depths:2 | Noticed a seraph
 60567 | Depths:2 | Killed Naus Ris the pandemonium lord
 60574 | Depths:2 | Killed a seraph
 60840 | D:7      | Learned a level 3 spell: Spectral Weapon
 61133 | D:$      | Escaped with the Orb!

Skill      XL: |  1  2  3  4  5  6  7  8  9 10 11 12 13 14 15 16 17 18 19 20 21 22 23 24 25 26 27 |
---------------+----------------------------------------------------------------------------------+-----
Axes           | 3 4 5 7 9 10 12 14 15 16 17 18 19 20 22 24 26 27 | 27.0
Armour         | 1 2 3 4 5 6 9 11 12 13 15 16 17 19 20 21 24 | 24.2
Fighting       | 3 4 5 7 8 10 12 13 14 16 17 19 20 21 23 | 23.7
Dodging        | 3 4 5 6 7 8 10 12 13 15 16 19 | 19.2
Evocations     | 1 3 5 |  5.0
Invocations    | 8 11 12 | 12.0
Spellcasting   | 7 |  7.4
Charms         | 13 | 13.1
Air Magic      | 6 |  6.8
Throwing       | |  1.7

Action                   |  1- 3 |  4- 6 |  7- 9 | 10-12 | 13-15 | 16-18 | 19-21 | 22-24 | 25-27 || total
-------------------------+-------+-------+-------+-------+-------+-------+-------+-------+-------++-------
Melee: War axe           |    96 |   208 |   540 |   230 |       |       |       |       |       ||  1074
       Battleaxe         |       |       |       |   449 |  1077 |  1144 |  1125 |   878 |       ||  4673
       Mace              |       |       |       |    10 |    62 |       |       |       |       ||    72
       Unarmed           |       |       |       |       |    11 |       |       |       |       ||    11
       Scimitar          |       |       |       |       |       |    16 |       |       |       ||    16
       Broad axe         |       |       |       |       |       |   302 |       |       |       ||   302
       Executioner's axe |       |       |       |       |       |       |       |   574 |  2432 ||  3006
 Fire: Blowgun           |       |       |       |       |     4 |       |       |       |       ||     4
Throw: Throwing net      |       |     2 |     1 |     5 |     1 |     1 |       |       |       ||    10
 Cast: Song of Slaying   |       |       |       |       |       |       |       |       |    16 ||    16
       Spectral Weapon   |       |       |       |       |       |       |       |       |     2 ||     2
Invok: Greater Servant o |       |       |       |       |       |     1 |     5 |     1 |     2 ||     9
       Lesser Servant of |       |       |       |       |       |     1 |     1 |       |       ||     2
 Abil: Fly               |       |       |       |       |     1 |       |     1 |     1 |     2 ||     5
       Stop Flying       |       |       |       |       |       |       |     2 |       |     2 ||     4
       Evoke Ratskin     |       |       |       |       |       |       |       |       |     1 ||     1
Evoke: Wand              |       |       |       |     8 |    26 |     5 |     2 |    10 |    11 ||    62
       Sack of spiders   |       |       |       |       |       |     1 |       |     4 |       ||     5
  Use: Scroll            |       |     5 |     1 |     1 |    24 |    11 |     6 |    11 |    12 ||    71
       Potion            |       |       |     1 |     1 |     7 |     4 |       |       |     9 ||    22
 Stab: Held in net/web   |       |       |       |     2 |     1 |       |       |       |       ||     3
       Confused          |       |       |       |       |     1 |       |       |     3 |     9 ||    13
       Invisible         |       |       |       |       |       |    15 |       |       |       ||    15
       Distracted        |       |       |       |       |       |     3 |     2 |     1 |     3 ||     9
       Paralysed         |       |       |       |       |       |       |       |    11 |    43 ||    54
       Petrifying        |       |       |       |       |       |       |       |     3 |    19 ||    22
  Eat: Chunk             |       |     9 |    18 |    18 |    34 |    35 |    14 |    25 |    34 ||   187
       Ration            |       |       |     1 |       |       |       |       |     2 |     5 ||     8
Armor: Leather armour    |    47 |    33 |       |       |       |       |       |       |       ||    80
       Ring mail         |       |   106 |   137 |       |       |       |       |       |       ||   243
       Chain mail        |       |       |   207 |   664 |  1112 |  1300 |   720 |   710 |   363 ||  5076
       Skin              |       |       |    14 |       |       |       |     1 |       |       ||    15
       Robe              |       |       |       |       |       |     4 |       |       |       ||     4
       Fire dragon scale |       |       |       |       |       |       |     5 |       |       ||     5
       Gold dragon scale |       |       |       |       |       |       |       |       |  1309 ||  1309
Dodge: Dodged            |   104 |   159 |   305 |   432 |   660 |  1016 |   733 |   981 |  1996 ||  6386
       Deflected         |       |       |       |       |       |    31 |    72 |    58 |   106 ||   267
       Rpst.: Scimitar   |       |       |       |       |       |     2 |       |       |       ||     2
